 Dungeon Crawl Stone Soup version 0.30-a0-918-g0ff054e9dc (webtiles) character file.

Game seed: 296812240910661901

410674 ragingrage the Peltast (level 24, 0/191 HPs)
             Began as a Formicid Warper on Mar 19, 2023.
             Was the Champion of Hepliaklqana.
             Slain by a death yak (28 damage)
             ... summoned by a spriggan berserker
             ... on level 1 of the Depths on Mar 20, 2023.
             The game lasted 02:00:39 (66463 turns).

ragingrage the Peltast (Formicid Warper)           Turns: 66463, Time: 02:00:40

Health: 0/191      AC: 30    Str: 27    XL:     24   Next: 63%
Magic:  4/33       EV: 19    Int: 15    God:    Hepliaklqana [******]
Gold:   768        SH: 31    Dex: 23    Spells: 16/37 levels left

rFire   + + +      SeeInvis +    b - +2 double sword (freeze)
rCold   + + .      Faith    .    e - +2 tower shield {rC+ rF+}
rNeg    . . .      Spirit   .    S - +2 scale mail of the Dolphin {Will+ Int+3 Dex+3}
rPois   +          Reflect  +    (helmet unavailable)
rElec   .          Rampage  .    k - +2 cloak {rCorr}
rCorr   +                        W - +2 pair of gloves
Will    +++++                    M - +1 pair of boots
Stlth   ++++++                   N - amulet of Fedij {Reflect -Tele Fly Will+++ Str+8 SH+5}
HPRegen 0.51/turn                m - ring "Ceiloh" {rPois rF++ rC+ rCorr Str-5}
MPRegen 0.23/turn                w - ring of the Tortoise {AC+8}

@: flying, studying 2 skills, unable to drink
A: reduced essence, permanent stasis, dig shafts and tunnels, antennae 3, four
strong arms, robust 1, strong 1, inability to drink after injury 1
}: 2/15 runes: serpentine, barnacled
a: Dig, Shaft Self, Renounce Religion, Recall Ancestor, Ancestor Identity,
Transference, Idealise


You were on level 1 of the Depths.
You worshipped Hepliaklqana.
Hepliaklqana was exalted by your worship.
You visited 9 branches of the dungeon, and saw 39 of its levels.
You visited 1 bazaar.
You also visited: Wizlab.

You collected 4454 gold pieces.
You spent 3686 gold pieces at shops.

Inventory:

Hand Weapons
 a - a +2 dagger of draining
 b - a +2 double sword of freezing (weapon)
 x - a +1 triple crossbow of penetration
Missiles
 d - 3 boomerangs of dispersal
 o - 56 poisoned darts
 p - 41 boomerangs
 G - 6 curare-tipped darts
 U - 7 throwing nets
Armour
 e - a +2 tower shield of resistance (worn)
 k - a +2 cloak of preservation (worn)
 M - a +1 pair of boots (worn)
 S - the +2 scale mail of the Dolphin (worn) {Will+ Int+3 Dex+3}
   (You found it on level 3 of the Elven Halls)

   Int:       It affects your intelligence (+3).
   Dex:       It affects your dexterity (+3).
   Will:      It increases your willpower.
 W - a +2 pair of gloves (worn)
Jewellery
 f - the ring of Vuipreh {Wiz rN+ Int+3 Dex+3}
   (You found it on level 3 of the Snake Pit)

   [ring of wizardry]

   It improves your spell success rate.
   Int:       It affects your intelligence (+3).
   Dex:       It affects your dexterity (+3).
   rN:        It protects you from negative energy.
 m - the ring "Ceiloh" (left hand) {rPois rF++ rC+ rCorr Str-5}
   (You acquired it on level 12 of the Dungeon)

   [ring of protection from cold]

   Str:       It affects your strength (-5).
   rF:        It greatly protects you from fire.
   rC:        It protects you from cold.
   rPois:     It protects you from poison.
   rCorr:     It protects you from acid and corrosion.
 w - the ring of the Tortoise (right hand) {AC+8}
   (You found it on level 7 of the Dungeon)

   [ring of protection]

   AC:        It affects your AC (+8).
 N - the amulet of Fedij (around neck) {Reflect -Tele Fly Will+++ Str+8 SH+5}
   (You took it off a deep elf death mage on level 3 of the Elven Halls)

   [amulet of reflection]

   It reflects blocked missile attacks.
   Str:       It affects your strength (+8).
   Fly:       It grants you flight.
   -Tele:     It prevents most forms of teleportation.
   SH:        It affects your SH (+5).
   Will:      It greatly increases your willpower.
Wands
 j - a wand of polymorph (13)
 n - a wand of digging (7)
 s - a wand of charming (39)
 t - a wand of flame (70)
 C - a wand of quicksilver (15)
 F - a wand of roots (18)
 O - a wand of mindburst (8)
Scrolls
 h - 5 scrolls of fear
 i - 3 scrolls of silence
 v - 5 scrolls of magic mapping
 A - 5 scrolls of immolation
 B - a scroll of brand weapon
 L - 5 scrolls of fog
 X - 2 scrolls of poison
Potions
 c - 2 potions of magic
 l - 5 potions of resistance
 q - 5 potions of lignification
 r - 7 potions of mutation
 u - 3 potions of ambrosia
 z - 7 potions of curing
 D - 3 potions of might
 E - 8 potions of cancellation
 I - 8 potions of brilliance
 P - 10 potions of heal wounds
 R - 3 potions of invisibility
 T - 4 potions of attraction
 Z - 6 potions of flight
Miscellaneous
 g - a phantom mirror
 y - a tin of tremorstones (inert)
 J - a lightning rod (4/4)
 Q - a phial of floods


   Skills:
 - Level 16.0 Fighting
 - Level 9.2(13.6) Short Blades
 + Level 15.8(16.7) Long Blades
 - Level 1.0 Throwing
 - Level 15.0 Armour
 - Level 12.0 Dodging
 - Level 18.7 Stealth
 - Level 20.0 Shields
 - Level 7.0 Spellcasting
 - Level 7.0 Hexes
 + Level 16.1 Translocations
 - Level 5.0 Transmutations
 - Level 4.0 Ice Magic
 - Level 2.0 Air Magic
 - Level 9.0 Invocations
 + Level 11.1 Evocations


You had 16 spell levels left.
You knew the following spells:

 Your Spells              Type           Power      Damage    Failure   Level
a - Wereblood             Tmut           20%        N/A       8%          2
b - Passwall              Tmut/Erth      10%        N/A       22%         2
c - Vhi's Electric Charg  Tloc/Air       64%        N/A       3%          3
d - Manifold Assault      Tloc           52%        N/A       1%          4
e - Lesser Beckoning      Tloc           100%       N/A       1%          2
f - Dispersal             Tloc           26%        N/A       9%          6
g - Ensorcelled Hibernat  Hex/Ice        42%        N/A       6%          2

Your spell library contained the following spells:

 Spells                   Type           Power      Damage    Failure   Level
 Gell's Gravitas          Tloc           52%        N/A       1%          3
 Teleport Other           Tloc           52%        N/A       1%          3
 Passage of Golubria      Tloc           52%        N/A       1%          4
 Slow                     Hex            100%       N/A       2%          1
 Momentum Strike          Conj/Tloc      58%        3d9       2%          2
 Confusing Touch          Hex            26%        N/A       7%          3
 Tukima's Dance           Hex            26%        N/A       7%          3
 Kindle Blastsparks       Fire/Tloc/Air  46%        2d13      11%         3
 Iskenderun's Mystic Bla  Conj/Tloc      29%        2d7       16%         4
 Shock                    Conj/Air       32%        1d5       26%         1
 Dazzling Flash           Conj/Hex       30%        N/A       28%         3
 Inner Flame              Hex/Fire       15%        N/A       28%         3
 Summon Guardian Golem    Hex/Summ       15%        N/A       28%         3
 Kiss of Death            Conj/Necr      20%        2d7       38%         1
 Magic Dart               Conj           20%        1d4       38%         1
 Poisonous Vapours        Pois/Air       16%        N/A       38%         2
 Cigotuvi's Dreadful Rot  Necr/Pois/Air  14%        N/A       43%         2
 Hailstorm                Conj/Ice       11%        3d5       47%         3
 Call Imp                 Summ           5%         N/A       52%         2
 Searing Ray              Conj           10%        2d4       52%         2
 Sublimation of Blood     Necr           5%         N/A       52%         2
 Ignite Poison            Fire/Tmut/Pois 10%        N/A       54%         3
 Ice Form                 Ice/Tmut       18%        N/A       54%         4
 Mephitic Cloud           Conj/Pois/Air  7%         N/A       67%         3
 Anguish                  Hex/Necr       7%         N/A       67%         4
 Fulminant Prism          Conj/Hex       7%         3d7       67%         4
 Yara's Violent Unravell  Hex/Tmut       11%        3d6       67%         5
 Metabolic Englaciation   Hex/Ice        10%        N/A       75%         5
 Airstrike                Air            5%         2d(1-17)  87%         4
 Summon Lightning Spire   Summ/Air       8%         N/A       95%         4
 Disjunction              Tloc           26%        N/A       98%         8
 Animate Dead             Necr           5%         N/A       99%         4
 Dispel Undead            Necr           5%         3d7       99%         4
 Sticky Flame             Conj/Fire      5%         2d3       99%         4
 Freezing Cloud           Conj/Ice/Air   5%         6-21      99%         5
 Fireball                 Conj/Fire      2%         3d4       100%        5
 Iskenderun's Battlesphe  Conj           5%         2d6       100%        5
 Plasma Beam              Fire/Air       4%         2x1d15    100%        5
 Conjure Ball Lightning   Conj/Air       4%         3x3d6     100%        6
 Death Channel            Necr           2%         N/A       100%        6
 Simulacrum               Ice/Necr       5%         N/A       100%        6
 Starburst                Conj/Fire      2%         6d3       100%        6
 Dragon Form              Tmut           10%        N/A       100%        7
 Enfeeble                 Hex            13%        N/A       100%        7
 Haunt                    Necr/Summ      2%         N/A       100%        7
 Orb of Destruction       Conj           2%         9d5       100%        7
 Summon Hydra             Summ           2%         N/A       100%        7
 Ignition                 Fire           2%         3d3       100%        8
 Infestation              Necr           2%         N/A       100%        8
 Chain Lightning          Conj/Air       4%         3d5       100%        9
 Fire Storm               Conj/Fire      2%         8d1       100%        9
 Shatter                  Erth           2%         3d6*      100%        9
 Blink                    Tloc           Unusable   N/A       N/A         2
 Swiftness                Air            Unusable   N/A       N/A         3

Dungeon Overview and Level Annotations

Branches:
Dungeon (15/15)            Temple (1/1) D:4            Lair (5/5) D:11
 Shoals (4/4) Lair:2        Snake (4/4) Lair:3        Slime (0/5) Lair:4
    Orc (2/2) D:9             Elf (3/3) Orc:2        Vaults (4/5) D:13
  Crypt (0/3) Vaults:2     Depths (1/4) D:15         WizLab (visited)

Altars:
Ashenzari
Cheibriados
Dithmenos
Elyvilon
Fedhas
Gozag
Hepliaklqana
Kikubaaqudgha
Makhleb
Nemelex Xobeh
Okawaru
Qazlal
Ru
Sif Muna
Trog
Uskayaw
Vehumet
Wu Jian
Xom
Yredelemnul
Zin
The Shining One
Jiyva

Shops:
Orc:2 :[*:!**   Elf:1 (!!   Elf:2 =:=:   Elf:3 =   Shoals:3 *

Portals:
Hell: Depths:1
Pandemonium: Orc:2
Ziggurat: Depths:1

Annotations:
D:3 1 runed translucent door, Crazy Yiuf
D:6 exclusion: downstairs
Lair:1 exclusion: downstairs
Snake:1 exclusion: naga, Louise
Elf:2 3 runed translucent doors
Vaults:2 36 runed doors
Vaults:5 !


Innate Abilities, Weirdness & Mutations

Your life essence is reduced to manifest your ancestor. (-10% HP)
You cannot be hasted, slowed, berserked, paralysed or teleported.
You can dig through walls and to a lower floor.
You have a pair of large antennae on your head. (SInv)
Your four strong arms can wield two-handed weapons with a shield.
You are robust. (+10% HP)
Your muscles are strong. (Str +4, Int/Dex -1)
You occasionally lose the ability to drink potions when taking damage.


Message History

The wizard simulacrum misses Wilfreda.
You barely miss the spriggan berserker. You block the death yak's attack.
The spriggan berserker hits you with a +0 war axe!!
You feel threatened and lose the ability to drink potions!
* * * LOW HITPOINT WARNING * * *
The spriggan berserker closely misses Wilfreda.
You block the rakshasa's attack.
The sphinx skeleton hits Wilfreda.
The sphinx skeleton hits Wilfreda but does no damage.
The sphinx skeleton hits Wilfreda.
You barely miss the spriggan berserker. The death yak gores you!!
* * * LOW HITPOINT WARNING * * *
Wilfreda hits the sphinx skeleton with a +0 lajatang of freezing!!
Wilfreda freezes the sphinx skeleton.
You block the spriggan berserker's attack.
The spriggan berserker hits Wilfreda with a +0 war axe.
The rakshasa weaves an illusion.
The wizard simulacrum shimmers and seems to become two!
You slash the spriggan berserker! You freeze the spriggan berserker.
You block the death yak's attack.
Wilfreda points at the sphinx skeleton and mumbles some strange words.
The crystal spear hits the sphinx skeleton!!!
The sphinx skeleton is destroyed!
You block the spriggan berserker's attack.
The spriggan berserker completely misses Wilfreda.
The wizard simulacrum hits you but does no damage.
The death yak completely misses you.
Aiming: Fastroot
Aim: Wilfreda the battlemage, wielding a +0 lajatang of freezing (severely damaged, fast, friendly, immune to roots)
The roots erupt in riotous growth!
Wilfreda avoids your attack.
Roots grab the wizard simulacrum.
Roots grab the spriggan berserker.
Roots grab the death yak.
Roots grab the wizard simulacrum.
The grasping roots constrict the spriggan berserker!
The grasping roots constrict the death yak!
The grasping roots constrict the wizard simulacrum! x2
The wizard simulacrum vaporises!
Wilfreda completely misses the wizard simulacrum.
You block the spriggan berserker's attack.
The spriggan berserker hits Wilfreda with a +0 war axe.
You block the rakshasa's attack. The death yak gores you!!
You die...

......................#
......R......#....{...#
.............#######..#
.............# #..#
.............# #..#
.............#######..#
......................#
#................i....#
###..######.....@R....#
..##..# #.....○YZ.).#
R..##..# #....)R.....#
#...##.. #...........#
..∩..# #...........#
#...## #........)..#
...## #.........).#
..## #...........# ###
............#


You could see the friendly Wilfreda the battlemage (fast), a death yak
(summoned, berserk, rooted), a rakshasa, a spriggan berserker (berserk,
regenerating, strong-willed, rooted) and a wizard simulacrum (rooted, ally
target).

Vanquished Creatures
  Vashnia (Snake:3)
  Nikola (Depths:1)
  A lich (Depths:1)
  A walking divine tome (WizLab)
  A quicksilver dragon (Snake:4)
  A titan (Vaults:4)
  A deep elf blademaster (Elf:3)
  2 deep elf master archers (Elf:3)
  A sphinx (Vaults:3)
  Polyphemus (Shoals:3)
  A tengu reaver (Vaults:3)
  3 nagarajas
  A fire giant (Vaults:2)
  9 vault wardens
  2 deep elf sorcerers (Elf:3)
  2 balrugs (Depths:1)
  Aizul (Snake:1)
  3 deep elf elementalists (Elf:3)
  An orc warlord (Vaults:1)
  7 ironbound thunderhulks
  2 very ugly things (Vaults:1)
  13 ironbound preservers
  2 war gargoyles
  7 dire elephants
  3 deep elf demonologists (Elf:3)
  2 deep elf annihilators (Elf:3)
  5 merfolk javelineers (Shoals:4)
  2 ettins
  4 deep elf death magi (Elf:3)
  A fire dragon (Depths:1)
  2 deep elf high priests
  8 merfolk impalers
  2 entropy weavers
  Fannar (Lair:3)
  A spectral kraken (Shoals:1)
  4 great orbs of eyes
  3 yaktaur captains (Vaults:2)
  A hydra (Lair:5)
  3 vault guards
  3 rakshasas (WizLab)
  3 ironbound frosthearts
  3 salamander tyrants
  An ice dragon (Depths:1)
  An ogre mage (Vaults:3)
  3 ghost crabs (Shoals:1)
  2 satyrs
  7 anacondas
  3 two-headed ogres
  2 alligator snapping turtles (Shoals:4)
  4 boulder beetles
  A peacekeeper (Vaults:2)
  A catoblepas (D:15)
  A merfolk avatar (Shoals:2)
  2 merfolk aquamancers
  9 centaur warriors
  8 dancing weapons
  8 naga warriors
  4 death yaks
  2 orc high priests (Orc:2)
  7 naga sharpshooters
  Sonja (Lair:3)
  8 shock serpents
  A spriggan berserker (Depths:1)
  A titan skeleton (Vaults:2)
  3 deep elf knights
  3 skysharks
  9 skeletal warriors
  A spark wasp zombie (Depths:1)
  7 sea snakes
  2 salamander mystics (Snake:2)
  A naga ritualist (Snake:4)
  27 deep trolls
  A lindwurm (Vaults:3)
  A tengu zombie (Depths:1)
  17 harpies
  4 deep elf archers
  6 wizards
  5 deep elf pyromancers
  3 ironbound convokers (Vaults:1)
  An orc knight (Orc:2)
  3 necromancers
  7 deep elf zephyrmancers
  5 fauns
  5 mana vipers
  7 salamanders
  14 ugly things
  A spectral merfolk (Shoals:1)
  7 manticores
  4 orc sorcerers
  9 cyclopes
  A sphinx skeleton (D:15)
  5 elephants
  7 vault sentinels
  7 merfolk sirens
  5 guardian serpents
  10 naga magi
  The ghost of dracfodder the Chopper, a novice GrFi (D:5)
  22 black mambas
  A water nymph (Shoals:4)
  A gargoyle (D:11)
  10 cane toads
  37 yaktaurs
  A kobold demonologist (D:11)
  An ice devil (Orc:2)
  5 komodo dragons
  4 tengu conjurers
  8 trolls
  2 polar bears (D:8)
  A troll (shapeshifter) (D:14)
  6 wind drakes
  16 merfolk
  4 snapping turtles
  Prince Ribbit (D:5)
  4 blink frogs
  A human skeleton (Vaults:2)
  A battlemage (Vaults:2)
  3 dream sheep (Shoals:4)
  4 air elementals
  Sigmund (D:2)
  A shadow (D:12)
  20 slime creatures
  A centaur simulacrum (D:15)
  A spriggan skeleton (D:15)
  2 vampires (D:13)
  39 yaks
  2 hogs (D:8)
  4 wyverns
  4 wraiths
  Grum (D:11)
  6 fire elementals
  7 water elementals
  A deep troll skeleton (Vaults:2)
  2 basilisks (Lair:2)
  4 redbacks
  A steam dragon (D:8)
  7 vampire mosquitoes
  2 wargs
  An acid dragon (D:11)
  27 nagas
  2 spectral snapping turtles (Shoals:1)
  Duvessa (D:7)
  5 water moccasins
  A glowing shapeshifter skeleton (D:15)
  5 black bears
  23 orc warriors
  A sky beast (D:7)
  10 ogres
  A deep troll simulacrum (Vaults:4)
  A tengu (shapeshifter) (D:13)
  11 wolves
  5 centaurs
  2 phantoms (D:5)
  Blork the orc (D:5)
  6 kobold brigands
  5 bullfrogs
  A gnoll sergeant (D:4)
  4 scorpions
  7 wights
  A water moccasin zombie (D:5)
  Dowan (D:7)
  13 killer bees
  A vampire bat (D:4)
  3 howler monkeys
  A bullfrog zombie (D:5)
  12 jellies
  7 hounds
  A gnoll bouda (D:9)
  18 orc priests
  Jessica (D:2)
  17 orc wizards
  A hell rat (Lair:5)
  12 gnolls
  6 adders
  4 white imps
  2 worms
  5 dart slugs
  3 fire bats (D:4)
  45 orcs
  2 spectral bats (D:4)
  15 bats
  3 bat skeletons (D:4)
  A bat zombie (D:4)
  5 endoplasms
  A giant cockroach (D:4)
  6 goblins
  5 hobgoblins
  20 kobolds
  2 quokkas
  6 ball pythons
  A bat simulacrum (D:4)
  3 frilled lizards (D:1)
  2 rats
967 creatures vanquished.

Vanquished Creatures (collateral kills)
  A deep elf blademaster (Elf:3)
  A quicksilver dragon (Snake:4)
  A titan (Shoals:2)
  A sphinx (Vaults:1)
  A strange machine (WizLab)
  2 nagarajas (Snake:4)
  2 deep elf sorcerers
  A frost giant (Vaults:4)
  4 vault wardens
  6 ironbound preservers
  A deep elf elementalist (Elf:1)
  A war gargoyle (Vaults:2)
  2 stone giants
  7 very ugly things
  4 ironbound thunderhulks
  Azrael (Orc:2)
  7 dire elephants
  A deep elf annihilator (Elf:3)
  A deep elf demonologist (Elf:3)
  A spectral kraken (Shoals:1)
  3 merfolk javelineers
  2 deep elf death magi (Elf:3)
  4 yaktaur captains
  6 merfolk impalers
  A great orb of eyes (Vaults:2)
  An entropy weaver (Vaults:4)
  2 deep elf high priests
  6 rakshasas (WizLab)
  2 salamander tyrants (Snake:4)
  3 vault guards
  A demonspawn (Orc:2)
  3 hydras (Lair:5)
  Harold (Lair:1)
  4 alligator snapping turtles
  5 ironbound frosthearts
  A merfolk avatar (Shoals:3)
  2 catoblepae
  A centaur warrior (D:15)
  A merfolk aquamancer (Shoals:3)
  2 boulder beetles
  10 dancing weapons
  3 death yaks
  2 anacondas
  6 naga warriors
  A tengu warrior (D:14)
  A vampire mage (D:15)
  2 two-headed ogres
  4 orc high priests (Orc:2)
  5 shock serpents
  A fire crab (D:11)
  6 naga sharpshooters
  5 deep elf knights
  6 skeletal warriors
  2 skysharks (Shoals:2)
  24 deep trolls
  2 salamander mystics
  A glowing orange brain (Vaults:3)
  6 sea snakes
  3 naga ritualists
  Lodul (D:12)
  6 ironbound convokers
  2 wizards
  9 deep elf pyromancers
  6 orc knights
  6 deep elf zephyrmancers
  A tengu skeleton (Depths:1)
  9 harpies
  2 lindwurms
  3 mana vipers
  4 orc sorcerers (Orc:2)
  5 ugly things
  7 salamanders
  A sphinx skeleton (Depths:1)
  2 cyclopes (Shoals:4)
  8 fauns
  An elephant (Lair:5)
  Joseph (D:9)
  12 black mambas
  8 vault sentinels
  A rust devil (Orc:2)
  3 guardian serpents (Snake:4)
  4 merfolk sirens
  A fire giant skeleton (Vaults:2)
  A stone giant skeleton (D:15)
  3 water nymphs
  6 naga magi
  9 cane toads
  2 orange demons (Orc:2)
  An unseen horror (D:11)
  An unseen horror (shapeshifter) (Elf:3)
  A kobold demonologist (D:11)
  2 komodo dragons
  6 yaktaurs
  2 rime drakes (Lair:5)
  An elf skeleton (Vaults:2)
  A guardian mummy (D:15)
  A wind drake (Shoals:1)
  2 yaktaur skeletons (Vaults:2)
  4 trolls
  A golden dragon simulacrum (Depths:1)
  11 merfolk
  2 polar bears (D:8)
  2 blink frogs (Lair:3)
  A spectral merfolk (Shoals:1)
  3 dream sheep
  4 snapping turtles
  12 slime creatures
  2 air elementals
  8 water elementals
  3 wyverns
  21 yaks
  2 wraiths
  2 fire elementals (Orc:2)
  4 basilisks
  15 nagas
  7 vampire mosquitoes
  A warg (Orc:2)
  2 hell hounds (Orc:2)
  5 water moccasins
  An ogre skeleton (Vaults:2)
  A sky beast (D:8)
  11 orc warriors
  A black bear (Lair:1)
  An ice beast (Vaults:4)
  3 centaurs
  5 ogres
  12 wolves
  6 bullfrogs
  3 earth elementals
  A wyvern skeleton (D:5)
  2 gnoll sergeants
  5 wights
  5 killer bees
  A howler monkey (D:10)
  3 jellies (Lair:4)
  12 orc priests
  A centaur skeleton (D:5)
  9 orc wizards
  3 hell rats (Lair:5)
  3 gnolls
  A white imp (D:7)
  38 orcs
  An endoplasm (Lair:4)
  16 kobolds
586 creatures vanquished.

Vanquished Creatures (others)
  The ghost of Moetos the Fighter, an adept DjFE of Ashenzari (Snake:3)
  A salamander (Snake:4)
  An ancestor (D:7)
  71 battlemagi
  25 fungi
  106 plants
  16 tentacles (Shoals:1)
  14 withered plants
235 creatures vanquished.

Grand Total: 1788 creatures vanquished

Notes
Turn   | Place    | Note
-------+----------+-------------------------------------------
     0 | D:1      | ragingrage the Formicid Warper began the quest for the Orb.
     0 | D:1      | Reached XP level 1. HP: 16/16 MP: 3/3
   222 | D:1      | Reached XP level 2. HP: 22/22 MP: 5/5
   228 | D:1      | Reached skill level 1 in Stealth
   603 | D:1      | Found a faded altar of an unknown god.
   629 | D:1      | Reached XP level 3. HP: 27/27 MP: 6/6
  1178 | D:2      | Noticed Sigmund
  1201 | D:2      | Noticed Jessica
  1212 | D:2      | Killed Jessica
  1213 | D:2      | Reached XP level 4. HP: 17/33 MP: 7/7
  1873 | D:3      | Learned a level 2 spell: Ensorcelled Hibernation
  1876 | D:3      | Learned a level 2 spell: Passwall
  2319 | D:3      | Reached skill level 1 in Hexes
  2319 | D:3      | Reached XP level 5. HP: 32/38 MP: 8/8
  2511 | D:3      | Reached skill level 1 in Ice Magic
  2616 | D:3      | Found a runed translucent door.
  2617 | D:3      | Noticed Crazy Yiuf
  2840 | D:4      | Reached XP level 6. HP: 33/44 MP: 9/9
  3378 | D:4      | HP: 2/44 [poisoned by a scorpion]
  3626 | D:4      | Found a staircase to the Ecumenical Temple.
  3635 | Temple   | Entered the Ecumenical Temple
  3820 | Temple   | Became a worshipper of Hepliaklqana the Forgotten
  4080 | D:4      | Noticed an ogre
  4120 | D:4      | Reached XP level 7. HP: 45/50 MP: 10/10
  4167 | D:4      | Reached skill level 5 in Long Blades
  4609 | D:5      | Entered Level 5 of the Dungeon
  4609 | D:5      | Noticed Blork the orc
  4656 | D:5      | Found a runed translucent gate.
  4657 | D:5      | Found a runed translucent gate.
  5525 | D:4      | Reached skill level 5 in Hexes
  5525 | D:4      | Reached XP level 8. HP: 56/56 MP: 8/11
  5746 | D:6      | Reached skill level 1 in Short Blades
  5825 | D:5      | Found a runed translucent gate.
  6613 | D:5      | Noticed Prince Ribbit
  6623 | D:5      | Killed Prince Ribbit
  6624 | D:5      | Reached skill level 5 in Stealth
  6692 | D:5      | Reached XP level 9. HP: 61/61 MP: 12/12
  6763 | D:5      | Reached skill level 5 in Short Blades
  7037 | D:5      | Killed Blork the orc
  7144 | D:5      | Noticed dracfodder's ghost (novice GrFi)
  7182 | D:5      | Found a bloodstained altar of Trog.
  7183 | D:5      | Found an iron altar of Okawaru.
  8112 | D:7      | Found the ring of the Tortoise {AC+8}
  8177 | D:7      | Reached * piety under Hepliaklqana
  8220 | D:7      | Found a basalt altar of Yredelemnul.
  8222 | D:7      | Found a glowing silver altar of Zin.
  8288 | D:7      | Identified the +1 leather armour "Rughar" {MP-9 Dex+6}
  8594 | D:7      | Noticed a troll
  8599 | D:7      | Killed a troll
  8600 | D:7      | Reached XP level 10. HP: 60/60 MP: 13/13
  8643 | D:7      | Learned a level 3 spell: Vhi's Electric Charge
  8648 | D:7      | Learned a level 4 spell: Manifold Assault
  8660 | D:7      | Noticed Duvessa
  8688 | D:7      | Noticed Dowan
  8707 | D:7      | Killed Duvessa
  8767 | D:7      | Killed Dowan
  9579 | D:8      | Reached ** piety under Hepliaklqana
  9609 | D:8      | Remembered your ancestor Wilfreda as a battlemage
  9941 | D:8      | Found a huge runed translucent gate.
  9942 | D:8      | Found a huge runed translucent gate.
  9942 | D:8      | Found a huge runed translucent gate.
  9943 | D:8      | Found a huge runed translucent gate.
 10510 | D:9      | Found a staircase to the Orcish Mines.
 10544 | D:9      | Reached XP level 11. HP: 70/70 MP: 14/14
 10656 | D:9      | Reached skill level 1 in Evocations
 10743 | D:9      | Noticed a skeletal warrior
 10743 | D:9      | Noticed a skeletal warrior
 10743 | D:9      | Noticed a skeletal warrior
 10860 | D:10     | Entered Level 10 of the Dungeon
 10894 | D:10     | Reached skill level 5 in Fighting
 10913 | D:10     | Reached skill level 5 in Armour
 11227 | D:10     | Reached *** piety under Hepliaklqana
 11489 | D:10     | Found a sacrificial altar of Ru.
 11503 | D:10     | Found a radiant altar of Vehumet.
 11969 | D:11     | Upgraded the game from 0.30-a0-913-g9934a0ce24 to
                  | 0.30-a0-918-g0ff054e9dc
 12015 | D:11     | Noticed a boulder beetle
 12068 | D:11     | Gained mutation: Your muscles are strong. (Str +4, Int/Dex
                  | -1) [potion of mutation]
 12068 | D:11     | Gained mutation: You are dopey. (Int -2) [potion of
                  | mutation]
 12068 | D:11     | Gained mutation: Armour fits poorly on your strangely
                  | shaped body. [potion of mutation]
 12068 | D:11     | Gained mutation: Your muscles are very strong. (Str +8,
                  | Int/Dex -2) [potion of mutation]
 12071 | D:11     | Killed a boulder beetle
 12135 | D:11     | Noticed a soul eater
 12147 | D:11     | HP: 3/68 [soul eater[a kobold demonologist] (1)]
 12377 | D:11     | Found a staircase to the Lair.
 12378 | D:11     | Noticed a fire crab
 12478 | D:11     | Killed a fire crab
 12479 | D:11     | Reached skill level 5 in Translocations
 12482 | D:11     | Noticed Grum
 12502 | D:11     | Killed Grum
 12508 | D:11     | Reached XP level 12. HP: 54/77 MP: 9/15
 12730 | D:11     | Noticed a two-headed ogre
 12734 | D:11     | Killed a two-headed ogre
 13005 | Lair:1   | Entered Level 1 of the Lair of Beasts
 13222 | Lair:1   | Noticed Harold
 13241 | Lair:1   | Killed Harold
 13532 | Lair:1   | Reached **** piety under Hepliaklqana
 14298 | Lair:2   | Reached skill level 10 in Long Blades
 14697 | Lair:1   | Reached XP level 13. HP: 41/81 MP: 8/16
 14830 | Lair:2   | Reached skill level 1 in Invocations
 14885 | Lair:2   | Found a staircase to the Shoals.
 15122 | Lair:2   | Reached skill level 10 in Armour
 15769 | Lair:3   | Lost mutation: You are dopey. (Int -2) [potion of mutation]
 15769 | Lair:3   | Lost mutation: Your muscles are very strong. (Str +8,
                  | Int/Dex -2) [potion of mutation]
 15769 | Lair:3   | Lost mutation: Your muscles are strong. (Str +4, Int/Dex
                  | -1) [potion of mutation]
 15769 | Lair:3   | Gained mutation: Your spells are a little harder to cast,
                  | but a little more powerful. [potion of mutation]
 15769 | Lair:3   | Lost mutation: Your spells are a little harder to cast, but
                  | a little more powerful. [potion of mutation]
 15769 | Lair:3   | Gained mutation: You are dopey. (Int -2) [potion of
                  | mutation]
 15770 | Lair:3   | Lost mutation: Armour fits poorly on your strangely shaped
                  | body. [potion of mutation]
 15770 | Lair:3   | Lost mutation: You are dopey. (Int -2) [potion of mutation]
 15770 | Lair:3   | Gained mutation: You have hidden genetic potential. [potion
                  | of mutation]
 15770 | Lair:3   | Gained mutation: You occasionally lose the ability to drink
                  | potions when taking damage. [potion of mutation]
 16039 | Lair:3   | Noticed Fannar
 16146 | Lair:3   | Killed Fannar
 16354 | Lair:3   | Found a hazy altar of Hepliaklqana.
 16463 | Lair:3   | Noticed Sonja
 16466 | Lair:3   | Killed Sonja
 16467 | Lair:3   | Reached skill level 5 in Invocations
 16553 | Lair:3   | Found a staircase to the Snake Pit.
 16917 | Lair:4   | Found a viscous altar of Jiyva.
 16917 | Lair:4   | Found a staircase to the Slime Pits.
 17232 | Lair:4   | Reached ***** piety under Hepliaklqana
 17490 | Lair:5   | Entered Level 5 of the Lair of Beasts
 17577 | Lair:5   | Reached skill level 10 in Stealth
 17612 | Lair:5   | Reached XP level 14. HP: 82/88 MP: 18/18
 17656 | Lair:5   | Identified the staff of fire "Nuug Raw" {rF+ Will+ Str-4
                  | Int+4 Dex+2}
 18662 | Lair:5   | Gained mutation: Your muscles are strong. (Str +4, Int/Dex
                  | -1) [hidden potential]
 20312 | D:9      | Noticed Joseph
 20328 | D:9      | Killed Joseph
 20524 | D:9      | Found a burning altar of Makhleb.
 20853 | D:2      | Killed Sigmund
 21158 | Orc:1    | Entered Level 1 of the Orcish Mines
 21259 | Orc:1    | Reached skill level 1 in Shields
 21632 | Orc:1    | Reached skill level 2 in Shields
 22149 | Orc:2    | Entered Level 2 of the Orcish Mines
 22195 | Orc:2    | Reached XP level 15. HP: 92/92 MP: 21/21
 22195 | Orc:2    | Noticed Azrael
 22203 | Orc:2    | Killed Azrael
 22204 | Orc:2    | Reached skill level 3 in Shields
 22205 | Orc:2    | Reached skill level 10 in Translocations
 22474 | Orc:2    | Reached skill level 4 in Shields
 22536 | Orc:2    | Found Ceilep's Distillery.
 22628 | Orc:2    | Found Poson's Self-Improvement Boutique.
 22702 | Orc:2    | Found a staircase to the Elven Halls.
 22769 | Orc:2    | Found Tixkeyb's General Store.
 22774 | Orc:2    | Found Cieroqiq's Specific Store.
 22937 | Orc:2    | Found Qodiss's General Store.
 22954 | Orc:2    | Gained mutation: You are robust. (+10% HP) [hidden
                  | potential]
 22954 | Orc:2    | Lost mutation: You have hidden genetic potential. [hidden
                  | potential expressed]
 23019 | Orc:2    | Bought a potion of lignification for 45 gold pieces
 23019 | Orc:2    | Bought a potion of cancellation for 120 gold pieces
 23019 | Orc:2    | Bought a potion of brilliance for 60 gold pieces
 23023 | Orc:2    | Bought a potion of flight for 51 gold pieces
 23023 | Orc:2    | Bought a scroll of butterflies for 68 gold pieces
 23958 | Orc:2    | Reached skill level 1 in Air Magic
 24171 | Orc:2    | Reached skill level 15 in Stealth
 24504 | Orc:2    | Found Daggaz's Antique Armour Shoppe.
 24504 | Orc:2    | Found Pisirr's Book Emporium.
 24505 | Orc:2    | Found a one-way gate leading to the halls of Pandemonium.
 24507 | Orc:2    | Bought a transparent cloak for 285 gold pieces
 24507 | Orc:2    | Identified the +0 cloak "Ipuus" {Harm Str+8 Dex-3 Slay-6}
                  | (You bought it in a shop on level 2 of the Orcish Mines)
 25078 | D:12     | Noticed Lodul
 25083 | D:12     | Killed Lodul
 25746 | D:12     | Identified a scroll of acquirement
 25747 | D:12     | Acquired the ring "Ceiloh" {rPois rF++ rC+ rCorr Str-5}
 25767 | D:12     | You fall into a shaft and drop 3 floors!
 25767 | D:15     | Entered Level 15 of the Dungeon
 25981 | D:15     | Identified the +4 robe "Deaqaj" {Harm +Blink rC- Str+4}
 26036 | D:15     | Found a hazy altar of Hepliaklqana.
 26270 | D:14     | Reached XP level 16. HP: 109/109 MP: 22/22
 26303 | D:14     | Found a stormy altar of Qazlal.
 26315 | D:14     | Found a hide-covered altar of Uskayaw.
 26689 | D:13     | Found a gate to the Vaults.
 27640 | D:12     | Acquired a +2 tower shield of resistance
 27766 | Orc:2    | Bought a manual of Shields for 1200 gold pieces
 27957 | D:5      | Killed dracfodder's ghost
 28176 | D:8      | Reached skill level 5 in Shields
 28578 | D:15     | Reached skill level 6 in Shields
 28842 | D:15     | Found a staircase to the Depths.
 29045 | D:14     | Reached skill level 7 in Shields
 29304 | Orc:2    | Bought a pair of embroidered gloves for 225 gold pieces
 29997 | D:15     | Reached skill level 8 in Shields
 30407 | Snake:1  | Entered Level 1 of the Snake Pit
 30578 | Snake:1  | Noticed Aizul
 30589 | Snake:1  | Reached skill level 9 in Shields
 30594 | Snake:1  | Killed Aizul
 30939 | Snake:1  | Reached skill level 10 in Shields
 31032 | Snake:1  | Noticed Louise
 31097 | Snake:1  | Reached ****** piety under Hepliaklqana
 31607 | Snake:2  | Reached skill level 11 in Shields
 31806 | Snake:2  | Reached skill level 15 in Long Blades
 31877 | Snake:2  | Reached skill level 12 in Shields
 32071 | Snake:2  | Reached XP level 17. HP: 114/115 MP: 16/23
 32170 | Snake:2  | Reached skill level 13 in Shields
 32361 | Snake:2  | Found an ornate altar of the Wu Jian Council.
 32438 | Snake:2  | Reached skill level 14 in Shields
 32947 | Snake:2  | Reached skill level 15 in Shields
 33571 | Snake:2  | Found the +3 salamander hide armour {Flames, rFlCloud rF++
                  | rC--}
 33750 | Snake:3  | Reached skill level 16 in Shields
 33956 | Snake:3  | Identified the ring of Vuipreh {Wiz rN+ Int+3 Dex+3}
 34514 | Snake:3  | Noticed Vashnia
 34525 | Snake:3  | Reached skill level 17 in Shields
 35174 | Snake:3  | Found a runed translucent door.
 35298 | Snake:3  | Noticed Moetos's ghost (adept DjFE)
 35719 | Snake:3  | Killed Vashnia
 35928 | Snake:4  | Entered Level 4 of the Snake Pit
 37094 | Snake:4  | Reached skill level 5 in Dodging
 37164 | Snake:4  | Reached skill level 18 in Shields
 37210 | Snake:4  | Reached XP level 18. HP: 121/121 MP: 24/24
 37368 | Snake:4  | Reached skill level 5 in Evocations
 37937 | Snake:4  | Learned a level 2 spell: Lesser Beckoning
 38112 | Snake:4  | Reached skill level 5 in Spellcasting
 38790 | Snake:4  | Noticed a quicksilver dragon
 38790 | Snake:4  | Noticed a quicksilver dragon
 39301 | Shoals:1 | Entered Level 1 of the Shoals
 39354 | Shoals:1 | Reached skill level 19 in Shields
 39873 | Shoals:1 | Identified the +5 battleaxe of Termination {freeze, Int+5}
 40635 | Shoals:2 | Acquired a manual of Stealth
 41211 | Shoals:2 | Noticed a titan
 41238 | Shoals:2 | Killed a titan
 41549 | Shoals:2 | Reached XP level 19. HP: 117/130 MP: 26/26
 41831 | Shoals:3 | Noticed Polyphemus
 41836 | Shoals:3 | Killed Polyphemus
 41961 | Shoals:3 | Found Jiock's General Store.
 42176 | Shoals:3 | Identified the +9 dire flail "Paacrio" {heavy, +Blink rPois
                  | rCorr Int-4}
 42293 | Shoals:3 | Identified the ring of Ciwk {rPois rF+ Dex-3 Slay+4}
 42788 | Shoals:4 | Entered Level 4 of the Shoals
 43268 | Shoals:4 | Found a flickering gateway to a bazaar.
 43280 | Bazaar   | Entered a bazaar
 43280 | Bazaar   | Found Seqeren's Book Boutique.
 43280 | Bazaar   | Found Locing's Antique Weapon Shop.
 43280 | Bazaar   | Found Gomaf's Weapon Shop.
 43280 | Bazaar   | Found Soqaeg's Book Boutique.
 43280 | Bazaar   | Found Lukepaen's Magic Scroll Boutique.
 43312 | Bazaar   | Bought a book of the Warp for 546 gold pieces
 43320 | Bazaar   | Bought the Exposition on Fey Gases for 286 gold pieces
 43329 | Bazaar   | Learned a level 6 spell: Dispersal
 43569 | Shoals:4 | Got a barnacled rune of Zot
 43991 | Shoals:4 | Identified the +5 demon trident of Dim Light {pain, Will+
                  | rCorr Dex-4}
 44231 | Shoals:4 | Identified the +7 shortbow "Xuprul" {flame, rElec rC+
                  | Int-3}
 44379 | Shoals:4 | Reached skill level 10 in Dodging
 45131 | Shoals:4 | Reached XP level 20. HP: 102/145 MP: 19/27
 45480 | Snake:3  | Killed Moetos's ghost
 45898 | Elf:1    | Entered Level 1 of the Elven Halls
 45898 | Elf:1    | Found Beinur's Distillery.
 46354 | Elf:1    | Found Balee's Distillery.
 47040 | Elf:1    | Found Minol's Antique Weapon Shoppe.
 47406 | Elf:2    | Reached skill level 10 in Fighting
 47777 | Elf:2    | HP: 7/147 [+0 vampiric glaive (13)]
 48775 | Elf:2    | Found Cuegriad's Jewellery Shoppe.
 48798 | Elf:2    | Found Deiqofez's Book Shoppe.
 48799 | Elf:2    | Found Ziwix's Jewellery Boutique.
 48800 | Elf:2    | Found Celeejum's Book Shoppe.
 48845 | Elf:2    | Found a runed translucent gate.
 48846 | Elf:2    | Found a runed translucent gate.
 48846 | Elf:2    | Found a runed translucent gate.
 49016 | Elf:3    | Entered Level 3 of the Elven Halls
 49369 | Elf:3    | Found Voskiodd's Jewellery Shop.
 49412 | Elf:3    | Identified the +2 scale mail of the Dolphin {Will+ Int+3
                  | Dex+3}
 50445 | Elf:3    | Noticed a Brimstone Fiend
 50852 | Elf:3    | Identified the ring of Kajux {rF+ rN+}
 50993 | Elf:3    | Reached skill level 20 in Shields
 51054 | Elf:3    | Identified the amulet of Yneara {Faith rF++}
 51180 | Elf:3    | Identified the amulet of Fedij {Reflect -Tele Fly Will+++
                  | Str+8 SH+5}
 51195 | Elf:3    | Identified the amulet of Compulsion {-Tele Rampage rF+ rC+
                  | Regen+}
 51275 | Elf:3    | Identified the staff of cold "Acwin" {rC+ Will++ Int-4
                  | Dex+4}
 51325 | Elf:3    | Identified the +10 war axe "Ketza" {drain, *Noise rElec
                  | rF++ rCorr}
 51607 | Vaults:1 | Entered Level 1 of the Vaults
 51803 | Vaults:1 | Reached XP level 21. HP: 157/157 MP: 15/28
 53368 | Vaults:1 | Learned a level 2 spell: Wereblood
 53393 | Vaults:1 | Reached skill level 15 in Translocations
 53395 | Vaults:1 | Reached skill level 1 in Transmutations
 55192 | Vaults:2 | Reached skill level 5 in Transmutations
 55942 | Vaults:2 | Reached XP level 22. HP: 173/173 MP: 30/30
 55966 | Vaults:2 | Found a staircase to the Crypt.
 55996 | Vaults:2 | Found a huge runed gate.
 55996 | Vaults:2 | Found a huge runed gate.
 55996 | Vaults:2 | Found a huge runed gate.
 55997 | Vaults:2 | Found a huge runed gate.
 55997 | Vaults:2 | Found a huge runed gate.
 55997 | Vaults:2 | Found a huge runed gate.
 56293 | Vaults:2 | Reached skill level 15 in Fighting
 56444 | Vaults:2 | Found a huge runed gate.
 56444 | Vaults:2 | Found a huge runed gate.
 56444 | Vaults:2 | Found a huge runed gate.
 56448 | Vaults:2 | Found a huge runed gate.
 56619 | Vaults:2 | Found a huge runed gate.
 56619 | Vaults:2 | Found a huge runed gate.
 56619 | Vaults:2 | Found a huge runed gate.
 56619 | Vaults:2 | Found a huge runed gate.
 56619 | Vaults:2 | Found a huge runed gate.
 56619 | Vaults:2 | Found a huge runed gate.
 56620 | Vaults:2 | Found a huge runed gate.
 56621 | Vaults:2 | Found a huge runed gate.
 56623 | Vaults:2 | Found a huge runed gate.
 56679 | Vaults:2 | Found a huge runed gate.
 56679 | Vaults:2 | Found a huge runed gate.
 56679 | Vaults:2 | Found a huge runed gate.
 56679 | Vaults:2 | Found a huge runed gate.
 56679 | Vaults:2 | Found a huge runed gate.
 56679 | Vaults:2 | Found a huge runed gate.
 56680 | Vaults:2 | Found a huge runed gate.
 56681 | Vaults:2 | Found a huge runed gate.
 56682 | Vaults:2 | Found a huge runed gate.
 56933 | Vaults:2 | Found a huge runed gate.
 56933 | Vaults:2 | Found a huge runed gate.
 56933 | Vaults:2 | Found a huge runed gate.
 56933 | Vaults:2 | Found a huge runed gate.
 56933 | Vaults:2 | Found a huge runed gate.
 56934 | Vaults:2 | Found a huge runed gate.
 56935 | Vaults:2 | Found a huge runed gate.
 56936 | Vaults:2 | Found a huge runed gate.
 58731 | Vaults:3 | Got the Opusculum on Mutagenic Locality
 58757 | Vaults:3 | Identified the +6 quarterstaff of the Inferno {protect,
                  | Contam rC+ Str+2}
 60141 | Vaults:4 | Found a magical portal.
 60151 | WizLab   | Entered Tukima's Studio
 61165 | WizLab   | Noticed ragingrage's illusion
 61520 | WizLab   | Noticed ragingrage's illusion
 61536 | WizLab   | Got the Commentary on the Fair Folk
 61547 | WizLab   | Identified the +1 cloak "Isteseus" {Harm rF- Int+3 Dex+4}
 62425 | Vaults:4 | Reached XP level 23. HP: 181/181 MP: 5/33
 62776 | Vaults:4 | Reached skill level 15 in Armour
 63165 | Elf:1    | Bought a potion of experience for 800 gold pieces
 63165 | Elf:1    | Reached XP level 24. HP: 191/191 MP: 33/33
 64089 | Vaults:4 | Reached skill level 10 in Evocations
 65137 | Depths:1 | Entered Level 1 of the Depths
 65663 | Snake:4  | Got a serpentine rune of Zot
 66177 | Depths:1 | Found a gateway to Hell.
 66384 | Depths:1 | Found a one-way gateway to a ziggurat.
 66385 | Depths:1 | Noticed Nikola
 66393 | Depths:1 | Killed Nikola
 66463 | Depths:1 | Slain by a death yak

Illustrated notes

Levels and vault maps discovered:
D:1:      saegor_arrival_simple_e, layout_basic,
          hellmonk_ecumenical_altar_arch_garden, corexii_hall_statues_l
D:2:      layout_basic, uniq_sigmund, uniq_jessica
D:3:      layout_rooms, uniq_crazy_yiuf_cottage
D:4:      layout_rooms, temple_hall, hangedman_feature_mirror,
          solitary_fountain, goddamned_bats
D:5:      layout_rooms, grunt_temple_overflow_bloody_war,
          gammafunk_ghost_necromancy, sword_in_stone, uniq_prince_ribbit1
D:6:      layout_loops_ring, uniq_blork_the_orc
D:7:      layout_gridville, mainiacjoe_overflow_divided_tiny, uniq_duvessa
D:8:      lemuel_bear_cage, layout_loops_ring, minivault_23,
          minmay_misc_feat_room
D:9:      layout_roguey, mainiacjoe_overflow_boulevard, david_orc_3, uniq_joseph
D:10:     layout_basic, mainiacjoe_overflow_catwalk_spiral
D:11:     layout_rooms, minmay_lair_entry_lava, uniq_grum
D:12:     layout_gridville, st_stairs_5, uniq_lodul
D:13:     layout_stronghold, david_vaults_1
D:14:     layout_rooms, nicolae_uskayaw_suspiria, grunt_qazlal_clouds
D:15:     gammafunk_depths_entry_grave, layout_basic,
          nicolae_hepliaklqana_hazy_memory, st_stairs_1, billiards_dpeg
Temple:   bh_familiar_temple
Lair:1:   layout_regular_city, grunt_megastairs_3, uniq_harold
Lair:2:   layout_chaotic_city, nicolae_shoals_entry_roost, grunt_megastairs_5
Lair:3:   layout_gridlike, dummy_snake_entry, basic_altar,
          grunt_forest_stairs_basic, uniq_fannar, uniq_sonja
Lair:4:   layout_hall_layers, minmay_slime_entry_jelly_boxes,
          grunt_megastairs_1, lemuel_fruit_tree
Lair:5:   hangedman_lair_in_review, layout_misc_corridors
Shoals:1: layout_shoals, nicolae_shoals_spectral_cove
Shoals:2: cheibrodos_shoals_gigantism, layout_shoals
Shoals:3: layout_shoals, serial_shops, shop, uniq_polyphemus
Shoals:4: shoals_end_simple, layout_shoals, serial_shops, bzr_in_the_mist
Snake:1:  layout_grid_shapes, uniq_aizul, uniq_louise
Snake:2:  layout_layer_cave, basic_altar, hellmonk_guarded_unrand_salamander
Snake:3:  layout_rooms, ebering_ghost_inner_flame, uniq_vashnia
Snake:4:  hellmonk_snake_rune_quicksilver_temple, layout_misc_corridors,
          nicolae_snake_snakewalk
Orc:1:    layout_caves
Orc:2:    pf_orc_diabolical, layout_caves, nicolae_specific_store,
          nicolae_shop_self_help, uniq_azrael
Elf:1:    layout_loops_corners, serial_shops, nicolae_square_shop,
          nicolae_shop_behind_doors, shop, kennysheep_underground_church
Elf:2:    nicolae_elf_blades_crystal_corner, layout_loops_ring, serial_glass,
          glass_columns_a, glass_columns_a, serial_shops, shop,
          nicolae_elf_variegated_diamond, minmay_shop_grove
Elf:3:    elf_hall_gauntlet_narrow, layout_loops_cross, serial_shops,
          nicolae_shop_trees, serial_sigils, serial_sigils_hangedman_carve,
          serial_sigils_hangedman_confine, serial_sigils_hangedman_scratch,
          serial_sigils_hangedman_snap
Vaults:1: vaults_dpeg_cross, v_misc_18, ontoclasm_vaults_ring_small, v_misc_3,
          vaults_room_grunt_arrival_ludios, vaults_room_ringed_pool,
          nicolae_vaults_bisected_slash, v_misc_22, layout_vaults_omnigrid
Vaults:2: ontoclasm_vaults_chip, nicolae_vaults_little_squares_3,
          hangedman_vaults_river_flow, minmay_crypt_entry_skeletal_spiral,
          nicolae_vaults_circle_grid_b, door_vault, ontoclasm_vaults_twist,
          nicolae_vaults_angled_halls, vaults_room_large_hall, vaults_mumra_hex,
          vaults_mumra_minichess, vaults_room_octagon, vaults_mumra_lcd,
          ontoclasm_vaults_chip, hangedman_vaults_maws, layout_vaults_omnibox
Vaults:3: vaults_room_grid, vaults_room_fours, v_pattern_5,
          nicolae_vaults_ring_of_whatevers, vaults_dpeg_encased_lava,
          dpeg_vaults_hating_casters, ontoclasm_vaults_loading_screen,
          ontoclasm_vaults_tryst, vaults_dpeg_ring,
          nicolae_vaults_little_squares_1, layout_vaults_big_room
Vaults:4: mu_enter_wizlab_1, st_more_cells, nicolae_vaults_network_quincunx
          [nicolae_vaults_network_quincunx_subvault,
          nicolae_vaults_network_quincunx_subvault,
          nicolae_vaults_network_quincunx_subvault,
          nicolae_vaults_network_quincunx_subvault,
          nicolae_vaults_network_quincunx_subvault], v_misc_32, serial_ice_b,
          vaults_mumra_hexcomb, v_misc_11, vaults_dpeg_doors,
          vaults_mumra_chevron, nicolae_vaults_little_ls,
          layout_vaults_omnicross
Depths:1: layout_small_grid, enter_ziggurat_e, pf_dread_powers_of_hell,
          grunt_dithmenos_smoke_and_mirrors, abyss_entry,
          minmay_shop_grid_forest, evilmike_minifort, uniq_nikola,
          uniq_bai_suzhen

Skill      XL: |  1  2  3  4  5  6  7  8  9 10 11 12 13 14 15 16 17 18 19 20 21 22 23 24 |
---------------+-------------------------------------------------------------------------+-----
Stealth        | 1 3 5 7 10 13 16 17 18 | 18.7
Long Blades    | 3 4 5 6 8 10 11 12 13 15 | 15.8
Hexes          | 1 2 3 5 6 7 |  7.0
Ice Magic      | 1 2 3 4 |  4.0
Short Blades   | 4 8 9 |  9.2
Armour         | 4 7 9 10 11 14 15 | 15.0
Fighting       | 4 5 6 9 11 14 15 16 | 16.0
Evocations     | 4 6 9 11 | 11.1
Translocations | 5 7 8 9 11 12 13 14 15 16 | 16.1
Invocations    | 5 8 9 |  9.0
Shields        | 2 4 12 18 19 20 | 20.0
Spellcasting   | 4 5 7 |  7.0
Air Magic      | 2 |  2.0
Dodging        | 5 8 10 11 12 | 12.0
Transmutations | 5 |  5.0
Throwing       | |  1.0

Action                     |  1- 3 |  4- 6 |  7- 9 | 10-12 | 13-15 | 16-18 | 19-21 | 22-24 || total
---------------------------+-------+-------+-------+-------+-------+-------+-------+-------++-------
  Melee: Falchion          |   112 |   225 |   163 |       |       |       |       |       ||   500
         Punch             |     1 |     1 |     4 |       |       |       |       |       ||     6
         Dagger            |       |     1 |    25 |       |       |       |       |     2 ||    28
         Short sword       |       |       |   109 |   424 |    60 |       |       |       ||   593
         Double sword      |       |       |       |       |   809 |  1161 |  1269 |   863 ||  4102
         Hand axe          |       |       |       |       |    23 |       |       |       ||    23
  Throw: Dart              |       |     4 |     7 |     7 |     4 |       |       |       ||    22
         Boomerang         |       |     4 |     2 |       |       |       |       |       ||     6
   Cast: Ensorcelled Hiber |       |     1 |    52 |    86 |    24 |       |       |       ||   163
         Manifold Assault  |       |       |       |       |   189 |   481 |   527 |   266 ||  1463
         Wereblood         |       |       |       |       |       |       |     3 |     3 ||     6
         Lesser Beckoning  |       |       |       |       |       |       |       |    11 ||    11
 Invoke: Ancestor Life: Ba |       |       |       |     1 |       |       |       |       ||     1
         Recall Ancestor   |       |       |       |     4 |     9 |    11 |     1 |     2 ||    27
         Idealise          |       |       |       |       |     3 |     3 |       |     1 ||     7
Ability: Dig               |       |       |     1 |     2 |       |       |       |       ||     3
  Evoke: Wand              |       |       |       |     4 |     1 |     3 |     7 |     2 ||    17
         Lightning rod     |       |       |       |       |       |       |     7 |       ||     7
         Phantom mirror    |       |       |       |       |       |       |     2 |     1 ||     3
         Tin of tremorston |       |       |       |       |       |       |     2 |     4 ||     6
    Use: Scroll            |       |     1 |     5 |     7 |    13 |     3 |     3 |     1 ||    33
         Potion            |       |     1 |       |     3 |     4 |     2 |     2 |     1 ||    13
   Stab: Sleeping          |     2 |     1 |    26 |    40 |    16 |    11 |     6 |     7 ||   109
         Distracted        |       |     2 |     1 |     8 |    13 |    14 |    15 |     9 ||    62
         Invisible         |       |       |       |       |     8 |       |       |       ||     8
 Armour: Leather armour    |     8 |       |       |       |       |    88 |    46 |       ||   142
         Ring mail         |    25 |    93 |   109 |    21 |   107 |   103 |    22 |       ||   480
         Scale mail        |       |       |       |   181 |   268 |       |    75 |    92 ||   616
         Robe              |       |       |       |       |     5 |       |       |       ||     5
         Skin              |       |       |       |       |     2 |       |       |       ||     2
  Dodge: Dodged            |    72 |   135 |   198 |   197 |   289 |   169 |   195 |   117 ||  1372
  Block: Buckler           |       |       |       |       |    38 |    40 |       |       ||    78
         Kite shield       |       |       |       |       |       |   231 |   189 |       ||   420
         Reflection        |       |       |       |       |       |    16 |    78 |    36 ||   130
         Tower shield      |       |       |       |       |       |       |   314 |   438 ||   752

Table legend: (Time is in decaauts)
 A = Elapsed time spent in this place.
 B = Non-inter-level travel time spent in this place.
 C = Inter-level travel time spent in this place.
 D = Time resting spent in this place.
 E = Time spent auto-exploring this place.
 F = Levels seen in this place.
 G = Mean time per level.
                   A        B        C        D        E       F      G
               +--------+--------+--------+--------+--------+-----+--------+
         Total |  66014 |  60143 |   5871 |  22130 |  26086 |  41 | 1610.1 |
       Dungeon |  21209 |  18452 |   2757 |   5456 |   8815 |  15 | 1413.9 |
        Temple |    198 |    173 |     25 |      0 |    169 |   1 |  198.0 |
          Lair |   7140 |   6481 |    659 |   1964 |   3251 |   5 | 1428.0 |
        Shoals |   6001 |   5648 |    353 |   2158 |   2386 |   4 | 1500.2 |
     Snake Pit |   9531 |   9018 |    513 |   4261 |   2923 |   4 | 2382.8 |
  Orcish Mines |   3777 |   3080 |    697 |   1396 |    922 |   2 | 1888.5 |
   Elven Halls |   5163 |   4957 |    206 |   2030 |   2118 |   3 | 1721.0 |
        Vaults |  10828 |  10171 |    657 |   3396 |   5273 |   4 | 2707.0 |
        Depths |    543 |    541 |      2 |    373 |     69 |   1 |  543.0 |
        Bazaar |     55 |     55 |      0 |      0 |     12 |   1 |   55.0 |
        Wizlab |   1562 |   1562 |      0 |   1093 |    148 |   1 | 1562.0 |
               +--------+--------+--------+--------+--------+-----+--------+

Top non-repeatable levels by time:
Vaults:2: 3708 daAuts
 Snake:4: 3363 daAuts
Vaults:4: 2786 daAuts
 Snake:2: 2647 daAuts
Vaults:1: 2638 daAuts
   Elf:3: 2416 daAuts
   Orc:2: 2390 daAuts
     D:4: 2373 daAuts
 Snake:3: 2295 daAuts
  Lair:5: 1957 daAuts
Shoals:4: 1925 daAuts
  Lair:2: 1807 daAuts
    D:15: 1806 daAuts
Shoals:3: 1777 daAuts
   Elf:1: 1764 daAuts
